Map: Templo óseo EE

Players

MrFercho

  • Race: Zerg Zerg
  • League: Silver
  • Spawn Location: 7:00

tigro

  • Race: Terran Terran
  • Spawn Location: 7:00

TATORREA

  • Race: Protoss Protoss
  • League: Silver
  • Spawn Location: 6:00

FatThor

  • Race: Terran Terran
  • Spawn Location: 1:00

PetroKorg

  • Race: Protoss Protoss
  • League: Platinum
  • Spawn Location: 3:00

krass

  • Race: Protoss Protoss
  • Spawn Location: 12:00

VOD

Have the link to the VOD?

Description

Time

  • Played on: May 14, 2020, 9:30 p.m.
  • Length: 15:18
Show
View Real Time Build Order
Export as new Build Order

MrFercho Zerg 

Build Orders: Pool First 

Get SALT Encoding   

  12  0:03  Drone  
  13  0:14  Overlord  
  13  0:30  Drone  
  13  0:35  Extractor  
  13  0:36  Drone x2  
  15  0:47  Drone  
  16  1:01  Drone  
  17  1:09  Spawning Pool, Drone  
  17  1:17  Extractor  
  17  1:18  Drone  
  17  1:41  Drone x2  
  19  2:07  Hatchery  
  18  2:12  Drone  
  18  2:13  Drone x2  
  21  2:34  Lair  
  20  3:01  Drone x2  
  21  3:19  Drone  
  22  3:20  Drone  
  22  3:27  Drone  
  23  3:36  Spire  
  22  3:42  Drone x2, Infestation Pit  
  22  3:43  Drone  
  24  3:51  Drone x2  
  26  3:56  Drone  
  26  4:00  Extractor  
  26  4:03  Extractor  
  26  4:06  Drone  
  26  4:09  Overlord x2  
  26  4:24  Hive  
  26  4:38  Drone  
  26  4:39  Drone  
  26  4:45  Drone x3  
  31  4:51  Queen  
  33  4:56  Drone x2  
  33  4:58  Zerg Flyer Weapons Level 1  
  35  5:04  Drone  
  36  5:26  Queen  
  36  5:27  Drone x2  
  36  5:28  Drone  
  41  5:52  Drone x2  
  43  5:58  Overlord  
  43  5:59  Overlord x2  
  38  6:24  Mutalisk x2  
  42  6:26  Queen  
  42  6:34  Hatchery  
  35  6:49  Mutalisk  
  35  6:50  Mutalisk x2  
  35  6:52  Zerg Flyer Armor Level 1  
  24  7:19  Drone  
  24  7:20  Drone x2  
  19  7:55  Hatchery  
  18  7:58  Hatchery  
  18  7:59  Hatchery  
  16  8:12  Queen  
  16  8:13  Drone  
  16  8:14  Drone x2  
  21  8:25  Drone x3  
  24  8:38  Drone  
  24  8:39  Drone  
  26  8:46  Extractor  
  25  8:48  Extractor  
  24  8:56  Queen  
  24  8:59  Drone x3  
  29  9:10  Drone x3  
  32  9:19  Corruptor  
  32  9:20  Corruptor x3  
  40  9:31  Drone  
  40  9:32  Drone x3  
  32  10:26  Spawning Pool  
  31  10:31  Overlord x2  
  31  10:32  Overlord x2  
  4  13:28  Extractor  
  4  13:29  Hatchery  
  2  14:50  Spawning Pool  
Show
View Real Time Build Order
Export as new Build Order

tigro Terran 

Build Orders:  

Get SALT Encoding   

  12  0:02  SCV  
  13  0:14  SCV  
  14  0:24  Supply Depot  
  14  0:27  SCV  
  15  0:34  Refinery  
  15  0:45  SCV  
  16  0:59  Barracks  
  16  1:00  SCV  
  17  1:12  SCV  
  17  1:17  Refinery  
  18  1:23  Supply Depot  
  18  1:24  SCV  
  19  1:36  SCV  
  20  1:51  Marine  
  21  1:59  Barracks  
  21  2:09  Marine  
  22  2:27  Marine  
  23  2:30  SCV  
  24  2:42  Engineering Bay, SCV  
  25  2:44  Marine  
  26  2:54  SCV  
  27  3:02  Marine  
  28  3:06  SCV  
  29  3:31  Barracks Tech Lab  
  29  3:33  Barracks Tech Lab  
  29  3:56  Factory  
  29  4:14  Reaper  
  28  4:43  Combat Shield  
  28  4:46  Stimpack, Reaper  
  29  5:03  Marauder  
  31  5:12  Terran Infantry Weapons Level 1  
  31  5:23  Orbital Command  
  31  5:31  Factory Tech Lab  
  31  5:36  Supply Depot  
  31  5:50  Command Center  
  31  5:57  Marine  
  31  5:58  Marauder  
  31  6:02  Concussive Shells  
  34  6:15  Marine  
  35  6:19  Marauder  
  35  6:33  Marine  
  31  6:40  Marauder  
  31  6:50  Marine  
  32  7:02  Marauder  
  32  7:06  Terran Infantry Armor Level 1  
  34  7:08  Marine  
  34  7:23  Marauder  
  34  7:26  Marine  
  34  7:28  Starport  
  37  7:44  Marine  
  37  7:45  Marauder  
  40  8:05  Marine  
  41  8:22  Refinery  
  41  8:23  Marine  
  42  8:37  Medivac  
  42  8:38  Missile Turret  
  44  8:48  Refinery  
  44  8:54  Marine  
  45  8:58  Missile Turret  
  45  9:00  Neosteel Armor  
  45  9:07  Medivac, SCV  
  48  9:12  Marine  
  49  9:19  SCV  
  49  9:23  Missile Turret  
  50  9:30  Marine  
  51  9:31  SCV  
  52  9:41  Armory  
  52  9:43  SCV  
  52  9:44  Missile Turret  
  53  9:56  SCV  
  54  10:01  Viking  
  46  10:31  Viking  
  46  10:33  Fusion Core  
  48  10:40  Hi-Sec Auto Tracking  
  46  10:56  Thor  
  52  11:01  Viking  
  54  11:16  Starport  
  52  11:31  Viking  
  54  11:39  Thor  
  60  11:43  Weapon Refit  
  60  12:01  Viking  
  62  12:10  Starport Tech Lab  
  62  12:12  Marine  
  63  12:16  Marine  
  63  12:21  Thor  
  70  12:30  Marine  
  70  12:33  Marine  
  72  12:48  Marine, Starport Tech Lab  
  73  12:51  Marine  
  73  12:57  Planetary Fortress  
  74  13:06  Marine  
  74  13:09  Marine  
  76  13:23  Rapid Reignition System  
  76  13:24  Marine  
  77  13:27  Marine  
  77  13:31  Corvid Reactor  
  78  13:54  Supply Depot  
  78  14:16  Marine  
  85  14:17  Supply Depot  
  85  14:34  Marine  
  84  14:42  Refinery  
  55  14:51  Marine  
Show
View Real Time Build Order
Export as new Build Order

TATORREA Protoss 

Build Orders:  

Get SALT Encoding   

  12  0:01  Probe  
  13  0:14  Probe  
  14  0:36  Probe  
  14  0:41  Pylon  
  15  0:59  Probe  
  16  1:14  Probe  
  17  1:28  Probe  
  18  1:50  Probe  
  19  2:02  Probe  
  19  2:03  Assimilator  
  20  2:09  Assimilator  
  20  2:22  Gateway  
  20  2:23  Gateway  
  20  2:29  Pylon  
  20  2:31  Probe  
  20  2:33  Pylon  
  21  2:55  Probe  
  21  2:56  Nexus  
  22  3:00  Assimilator  
  22  3:03  Assimilator  
  22  3:07  Probe  
  23  3:19  Probe  
  24  3:24  Zealot x2  
  28  3:41  Forge, Cybernetics Core  
  29  3:48  Probe  
  29  3:55  Zealot x2  
  32  4:00  Probe  
  32  4:12  Probe  
  33  4:20  Warp Gate  
  33  4:21  Protoss Ground Weapons Level 1  
  33  4:22  Stalker x2  
  37  4:24  Probe  
  38  4:36  Probe x2  
  40  4:48  Probe  
  40  4:49  Probe  
  40  4:51  Twilight Council  
  42  4:54  Stargate  
  42  5:01  Probe x2  
  42  5:03  Stalker  
  46  5:11  Zealot  
  46  5:13  Probe  
  49  5:17  Probe  
  50  5:25  Probe  
  51  5:30  Probe  
  51  5:33  Robotics Facility  
  52  5:37  Probe  
  52  5:42  Probe  
  54  5:51  Charge  
  54  6:09  Pylon  
  54  6:12  Pylon  
  54  6:16  Pylon  
  54  6:20  Pylon  
  54  6:27  Oracle, Probe x2  
  59  6:34  Stalker x2  
  59  6:39  Probe x2  
  65  6:51  Probe x2  
  65  7:04  Oracle  
  62  8:17  Phoenix  
  64  8:22  Nexus  
  64  8:25  Stalker x2  
  68  8:28  Protoss Ground Weapons Level 2  
  68  8:42  Phoenix  
  68  8:43  Pylon  
  68  8:44  Protoss Air Weapons Level 1  
  68  8:48  Pylon  
  70  8:51  Pylon  
  70  8:58  Immortal  
  74  9:07  Pylon, Phoenix  
  74  9:08  Fleet Beacon  
  76  9:10  Robotics Bay  
  76  9:12  Pylon  
  76  9:31  Gateway  
  76  9:32  Phoenix  
  76  9:34  Gateway  
  76  9:36  Gateway  
  78  9:38  Gateway  
  78  9:40  Gateway  
  78  9:43  Gateway  
  78  9:45  Gateway  
  77  9:48  Stalker x2  
  75  9:57  Phoenix  
  49  10:22  Phoenix  
  39  10:33  Pylon  
  39  10:35  Pylon  
  30  10:37  Pylon  
  22  10:43  Stalker x2  
  22  10:44  Stalker x2  
  22  10:47  Stalker, Phoenix  
  22  10:48  Stalker  
  22  10:49  Stalker  
  27  11:12  Phoenix  
  27  11:36  Stalker  
  27  11:37  Stalker, Phoenix  
  33  11:40  Probe  
  34  11:52  Probe  
  35  12:02  Phoenix  
  35  12:04  Probe x2  
  39  12:16  Probe x2  
  41  12:27  Phoenix  
  41  12:28  Probe  
  41  12:29  Probe  
  45  12:41  Probe x2  
  47  12:52  Phoenix  
  47  12:53  Probe x2  
  51  13:05  Probe  
  52  13:17  Phoenix  
  43  13:33  Probe  
  44  13:46  Probe  
  45  13:53  Anion Pulse-Crystals  
  45  13:58  Probe  
  46  14:10  Probe  
  47  14:17  Phoenix  
  47  14:22  Probe  
  50  14:34  Probe  
  51  14:42  Phoenix  
Show
View Real Time Build Order
Export as new Build Order

FatThor Terran 

Build Orders:  

Get SALT Encoding   

  12  0:01  SCV  
  13  0:15  SCV  
  13  0:19  Supply Depot  
  14  0:27  SCV  
  15  0:31  Refinery  
  15  0:40  SCV  
  16  0:46  Barracks  
  16  0:54  SCV  
  17  1:06  SCV  
  17  1:10  Supply Depot  
  18  1:18  SCV  
  19  1:35  Reaper  
  20  1:41  SCV  
  21  1:57  Command Center  
  21  1:58  SCV  
  22  2:07  Refinery  
  22  2:10  SCV  
  23  2:20  Factory  
  24  2:23  Barracks Reactor  
  23  2:32  Orbital Command  
  23  3:00  Marine x2  
  25  3:27  Starport  
  25  3:29  Barracks Tech Lab  
  25  3:44  Supply Depot  
  25  3:50  Hellion  
  25  3:51  Hellion  
  25  3:53  SCV  
  25  3:55  SCV  
  31  4:06  SCV  
  31  4:07  SCV  
  31  4:09  Marine  
  34  4:17  Hellion x2  
  38  4:25  Starport Tech Lab  
  38  4:26  Fusion Core  
  38  4:27  Marine  
  38  4:36  Orbital Command  
  38  4:39  SCV  
  39  4:51  SCV  
  40  4:57  Hellion  
  40  4:58  Hellion  
  44  5:03  SCV  
  45  5:16  Supply Depot, SCV  
  45  5:19  Supply Depot  
  46  5:26  Supply Depot  
  46  5:28  Battlecruiser, SCV  
  53  5:35  Marine  
  54  5:38  Barracks  
  54  5:40  SCV  
  55  5:53  Marine  
  52  6:22  Marine  
  52  6:24  Stimpack  
  49  6:26  Hellion x2  
  49  6:27  Barracks  
  49  6:28  SCV  
  49  6:32  SCV  
  55  6:40  Marine, SCV  
  55  6:44  SCV  
  58  6:50  Battlecruiser  
  58  6:52  SCV  
  65  6:56  SCV  
  66  7:03  Marine  
  67  7:21  Marine  
  68  7:50  Refinery  
  68  7:51  Marine  
  68  7:53  Refinery  
  68  7:58  Supply Depot  
  71  8:00  Command Center  
  71  8:06  Barracks Reactor  
  71  8:10  Barracks Reactor  
  69  8:14  Marine  
  69  8:15  Combat Shield  
  70  8:21  Supply Depot  
  70  8:28  Engineering Bay  
  70  8:32  Marine, Battlecruiser  
  77  8:46  Barracks  
  77  8:50  Armory, Marine  
  77  8:53  Weapon Refit  
  78  8:56  Engineering Bay  
  78  9:05  SCV  
  78  9:06  SCV  
  78  9:08  Marine x5  
  85  9:17  SCV  
  85  9:18  SCV  
  87  9:25  Marine  
  87  9:26  Marine x4  
  87  9:27  Missile Turret  
  87  9:29  SCV  
  87  9:30  SCV  
  94  9:41  SCV  
  94  9:42  SCV  
  96  9:46  Missile Turret  
  96  9:47  Marine x4  
  96  9:48  Marine  
  101  9:53  SCV  
  101  9:55  SCV  
  103  10:05  Marine  
  104  10:08  Marine x4  
  108  10:15  Factory  
  108  10:22  Marine  
  109  10:36  Supply Depot  
  109  10:58  Hellion x2, Marine x2  
  109  11:01  Factory  
  109  11:28  Marine x5  
  109  11:30  Concussive Shells  
  114  11:33  Terran Infantry Armor Level 1  
  114  11:34  Terran Infantry Weapons Level 1  
  114  11:36  Barracks Reactor  
  114  11:42  Factory Tech Lab  
  114  11:45  Marine  
  114  11:46  Marine  
  116  11:47  Factory Tech Lab  
  116  11:48  Supply Depot  
  116  11:55  Terran Vehicle Weapons Level 1  
  116  11:56  SCV  
  117  12:02  Battlecruiser  
  117  12:07  Orbital Command  
  117  12:08  SCV  
  124  12:17  Supply Depot  
  124  12:26  Supply Depot  
  124  12:28  Supply Depot  
  124  12:30  Marine x4  
  124  12:31  Marine x3  
  131  12:43  SCV  
  132  12:48  Marine x3  
  135  12:51  Supply Depot  
  135  12:55  SCV  
  136  13:14  Supply Depot x2  
  136  13:21  SCV  
  137  13:29  Factory Tech Lab  
  137  13:43  SCV  
  138  13:49  Command Center  
  138  13:51  Starport Reactor, Starport  
  138  13:53  Thor x3  
  156  13:56  Supply Depot  
  156  14:18  Armory  
  156  14:21  Marine x7  
Show
View Real Time Build Order
Export as new Build Order

PetroKorg Protoss 

Build Orders:  

Get SALT Encoding   

  12  0:01  Probe  
  13  0:14  Pylon  
  13  0:18  Probe  
  14  0:32  Gateway  
  14  0:34  Probe (Chrono Boost)  
  15  0:46  Probe (Chrono Boost)  
  16  0:51  Probe (Chrono Boost)  
  16  0:52  Assimilator  
  17  1:01  Probe  
  18  1:08  Assimilator  
  18  1:13  Probe  
  18  1:15  Pylon  
  19  1:29  Probe  
  20  1:44  Probe (Chrono Boost)  
  20  1:45  Nexus  
  21  1:56  Probe (Chrono Boost)  
  21  2:00  Cybernetics Core  
  22  2:01  Probe (Chrono Boost)  
  23  2:11  Probe (Chrono Boost)  
  25  2:23  Probe (Chrono Boost)  
  25  2:30  Pylon  
  25  2:31  Probe (Chrono Boost)  
  25  2:34  Pylon  
  26  2:37  Probe  
  27  2:48  Stargate  
  27  2:53  Pylon  
  29  2:58  Probe (Chrono Boost)  
  29  3:00  Probe (Chrono Boost)  
  29  3:08  Probe (Chrono Boost)  
  29  3:11  Probe (Chrono Boost)  
  31  3:13  Assimilator, Probe (Chrono Boost)  
  32  3:20  Probe  
  32  3:22  Forge  
  32  3:24  Probe  
  34  3:33  Probe (Chrono Boost)  
  35  3:34  Pylon  
  36  3:41  Probe (Chrono Boost)  
  36  3:44  Assimilator  
  36  3:45  Probe (Chrono Boost)  
  37  3:50  Probe (Chrono Boost)  
  37  3:51  Probe (Chrono Boost)  
  37  3:54  Fleet Beacon  
  39  3:58  Pylon  
  39  4:01  Probe  
  40  4:06  Pylon  
  40  4:10  Photon Cannon  
  40  4:13  Photon Cannon  
  40  4:16  Probe (Chrono Boost)  
  41  4:24  Pylon  
  42  4:25  Probe (Chrono Boost)  
  42  4:26  Probe (Chrono Boost)  
  43  4:31  Probe (Chrono Boost), Unknown  
  43  4:32  Stargate  
  43  4:33  Stargate  
  44  4:45  Stargate  
  44  4:51  Photon Cannon  
  44  5:01  Pylon  
  44  5:05  Pylon  
  44  5:09  Void Ray  
  48  5:18  Void Ray  
  52  5:21  Void Ray  
  52  5:24  Protoss Air Weapons Level 1 (Chrono Boost)  
  56  5:30  Void Ray  
  60  5:38  Photon Cannon  
  60  5:43  Photon Cannon  
  60  5:52  Void Ray  
  64  6:01  Void Ray  
  76  6:37  Void Ray (Chrono Boost)  
  76  6:38  Void Ray (Chrono Boost)  
  80  6:55  Void Ray (Chrono Boost)  
  84  7:09  Void Ray (Chrono Boost)  
  84  7:15  Protoss Air Armor Level 1 (Chrono Boost)  
  84  7:21  Pylon  
  84  7:23  Pylon  
  84  7:28  Pylon  
  84  7:31  Photon Cannon  
  84  7:34  Photon Cannon  
  84  7:38  Photon Cannon  
  84  7:41  Photon Cannon  
  84  7:44  Photon Cannon  
  84  7:47  Photon Cannon  
  84  7:50  Pylon  
  84  7:52  Shield Battery  
  84  7:58  Shield Battery  
  84  8:07  Void Ray (Chrono Boost)  
  84  8:08  Void Ray (Chrono Boost)  
  84  8:09  Void Ray (Chrono Boost)  
  84  8:10  Pylon  
  96  8:43  Void Ray  
  100  8:58  Nexus  
  100  8:59  Photon Cannon  
  100  9:03  Photon Cannon  
  100  9:04  Photon Cannon  
  100  9:06  Pylon  
  100  9:08  Photon Cannon  
  100  9:12  Shield Battery  
  100  9:15  Assimilator  
  100  9:16  Assimilator  
  100  9:17  Protoss Air Weapons Level 2 (Chrono Boost)  
  100  11:04  Void Ray x3  
  100  11:05  Void Ray  
  116  11:43  Protoss Air Armor Level 2  
  116  11:47  Void Ray  
  116  11:49  Void Ray x3  
  132  12:04  Stargate  
  132  12:07  Stargate  
  132  12:09  Pylon  
  132  12:11  Pylon  
  132  12:20  Probe  
  133  12:30  Void Ray  
  133  12:33  Probe  
  138  13:28  Void Ray x2  
  138  13:29  Void Ray x3  
  138  13:30  Void Ray  
  162  14:11  Void Ray, Pylon  
  162  14:12  Void Ray  
  162  14:13  Pylon  
  170  14:17  Robotics Facility  
Show
View Real Time Build Order
Export as new Build Order

krass Protoss 

Build Orders:  

Get SALT Encoding   

  12  0:02  Probe (Chrono Boost)  
  13  0:12  Probe (Chrono Boost)  
  14  0:22  Pylon  
  14  0:26  Probe  
  15  0:41  Assimilator  
  15  0:45  Gateway  
  16  0:50  Probe  
  16  1:02  Probe (Chrono Boost)  
  17  1:04  Forge  
  17  1:13  Probe (Chrono Boost)  
  18  1:25  Pylon  
  18  1:48  Zealot  
  20  2:06  Cybernetics Core  
  20  2:12  Gateway  
  20  2:20  Pylon  
  20  2:29  Photon Cannon  
  20  2:38  Assimilator  
  20  2:40  Warp Gate (Chrono Boost)  
  20  2:48  Probe  
  21  2:58  Pylon  
  21  3:04  Stalker x2  
  25  3:12  Robotics Facility  
  25  3:24  Nexus  
  25  3:33  Pylon  
  25  3:58  Probe  
  26  4:07  Assimilator  
  26  4:10  Probe  
  26  4:15  Stalker  
  29  4:17  Stalker  
  29  4:22  Probe (Chrono Boost)  
  32  4:34  Probe (Chrono Boost)  
  33  4:39  Probe (Chrono Boost)  
  34  4:46  Pylon  
  34  4:49  Probe  
  35  4:54  Stalker x2  
  39  5:04  Robotics Bay  
  39  5:11  Probe (Chrono Boost)  
  40  5:20  Stalker  
  40  5:21  Probe (Chrono Boost)  
  43  5:26  Stalker, Probe (Chrono Boost)  
  46  5:37  Probe  
  46  5:39  Assimilator  
  47  5:49  Probe  
  48  6:11  Stalker  
  50  6:21  Colossus  
  48  7:00  Stalker  
  48  7:01  Stalker  
  42  7:08  Gateway  
  42  7:10  Gateway  
  42  7:11  Protoss Ground Weapons Level 1  
  42  7:22  Forge  
  42  7:35  Photon Cannon  
  42  7:36  Stalker  
  44  7:37  Stalker  
  46  7:47  Pylon  
  46  7:55  Probe (Chrono Boost)  
  48  8:05  Probe (Chrono Boost)  
  48  8:10  Probe (Chrono Boost)  
  48  8:11  Stargate  
  49  8:17  Stargate  
  49  8:22  Stalker x2, Probe  
  49  8:23  Stalker  
  49  8:24  Stalker  
  59  8:34  Probe  
  59  8:51  Protoss Ground Armor Level 1  
  59  8:59  Stargate  
  59  9:07  Fleet Beacon  
  59  9:17  Gateway  
  51  10:20  Colossus  
  41  10:54  Stalker  
  41  10:55  Stalker x2  
  41  10:56  Stalker x2  
  51  11:05  Nexus  
  51  11:09  Robotics Facility  
  51  11:12  Robotics Facility  
  51  11:14  Colossus  
  57  11:35  Stalker  
  57  11:36  Stalker x2  
  57  11:37  Stalker  
  57  11:38  Stalker  
  67  11:56  Twilight Council  
  67  12:07  Colossus  
  67  12:08  Stalker  
  75  12:09  Stalker x2  
  75  12:10  Stalker  
  75  12:11  Stalker  
  83  12:26  Pylon  
  83  12:30  Pylon  
  83  12:34  Pylon  
  83  12:41  Stalker  
  83  12:42  Stalker x2  
  83  12:43  Stalker  
  83  12:44  Stalker  
  93  12:56  Colossus  
  99  13:19  Photon Cannon  
  99  13:22  Pylon  
  99  13:25  Pylon x2  
  99  13:27  Pylon  
  99  13:34  Probe (Chrono Boost)  
  99  13:35  Assimilator  
  100  13:45  Probe (Chrono Boost)  
  101  13:49  Probe (Chrono Boost)  
  102  13:55  Stalker  
  102  13:56  Stalker x2  
  102  14:01  Probe (Chrono Boost)  
  109  14:09  Assimilator  
  110  14:11  Probe (Chrono Boost)  
  110  14:16  Probe (Chrono Boost)  
  110  14:18  Observer  
  110  14:23  Observer  
  113  14:27  Probe  
  114  14:31  Pylon  
  114  14:39  Probe  
  115  14:59  Nexus  
  115  15:00  Stalker x2  
  115  15:01  Stalker  
  115  15:02  Stalker x2  
  125  15:13  Pylon  
Tags
 
Add a new tag
Caveats
  • Supply blocks, unpowered buildings, or Contaminate may cause inaccurate times.
  • Supply counts are checked every 10 seconds.